Map: Станция Кайрос РВ

Players

Murena - Winner!

  • Race: Terran Terran
  • Spawn Location: 11:00

ИИ 1 (эксперт)

  • Race: Zerg Zerg
  • Spawn Location: 5:00

VOD

Have the link to the VOD?

Description

Time

  • Played on: Feb. 4, 2019, 7:35 p.m.
  • Length: 16:23
Show
View Real Time Build Order
Export as new Build Order

Murena Terran - Winner!

Build Orders: Mech 

Get SALT Encoding   

  12  0:00  SCV  
  13  0:12  SCV  
  14  0:19  Supply Depot  
  14  0:24  SCV  
  15  0:40  SCV  
  15  0:41  Barracks  
  16  0:46  Refinery  
  16  0:53  SCV  
  17  1:03  Barracks  
  17  1:05  SCV  
  18  1:17  SCV  
  18  1:18  Supply Depot  
  19  1:28  Marine  
  19  1:29  SCV  
  21  1:38  Refinery  
  21  1:41  SCV  
  22  1:47  Barracks Tech Lab  
  22  1:50  Marine  
  23  1:54  SCV  
  24  2:06  Marauder  
  24  2:07  Orbital Command  
  26  2:08  Barracks Tech Lab  
  26  2:17  Bunker  
  26  2:18  Concussive Shells  
  26  2:27  Marauder  
  28  2:32  Marauder  
  30  2:39  Supply Depot  
  30  2:42  SCV  
  31  2:48  Combat Shield  
  31  3:00  Engineering Bay  
  31  3:01  Marauder  
  33  3:06  SCV  
  33  3:09  Marauder  
  36  3:15  Supply Depot  
  36  3:19  SCV  
  37  3:24  Marauder  
  39  3:28  Terran Infantry Weapons Level 1  
  39  3:39  Factory  
  39  3:41  Marauder  
  39  3:48  Marauder  
  43  3:51  SCV  
  44  3:58  Missile Turret  
  44  4:03  Marauder  
  44  4:09  SCV, Supply Depot  
  47  4:32  Command Center  
  47  4:36  Factory Reactor  
  47  4:37  SCV  
  48  4:41  Stimpack  
  46  4:50  Marauder x2  
  38  5:09  SCV  
  38  5:11  Marauder  
  39  5:17  Hellion  
  39  5:19  Marauder  
  43  5:22  SCV  
  43  5:26  Factory  
  44  5:33  Marauder  
  44  5:35  Terran Infantry Armor Level 1  
  46  5:41  Barracks  
  46  5:42  Marine  
  46  5:46  SCV  
  46  5:49  SCV  
  49  5:58  Widow Mine  
  49  6:01  Marauder  
  49  6:03  SCV  
  54  6:04  SCV  
  54  6:10  Marauder  
  57  6:11  Factory Tech Lab  
  57  6:15  SCV  
  57  6:16  SCV  
  59  6:22  Marauder  
  61  6:28  SCV  
  61  6:29  Orbital Command  
  61  6:30  Starport  
  61  6:31  Barracks Tech Lab  
  62  6:34  Marauder  
  64  6:42  SCV  
  64  6:43  Siege Tank  
  64  6:45  Hellion  
  70  6:49  Supply Depot  
  70  6:57  Supply Depot  
  70  7:01  Armory  
  70  7:04  Engineering Bay  
  70  7:06  Starport Reactor  
  70  7:11  Bunker  
  70  7:15  Refinery  
  70  7:17  SCV, Refinery  
  70  7:18  Marine  
  70  7:19  Marine x2  
  74  7:24  Missile Turret  
  74  7:31  SCV  
  74  7:34  Hellion  
  74  7:36  Marine, Hellion  
  80  7:41  Hellion  
  80  7:42  Medivac  
  80  7:43  Medivac  
  86  7:46  Supply Depot  
  86  8:05  Terran Infantry Weapons Level 2, Command Center  
  86  8:06  Terran Infantry Armor Level 2  
  86  8:19  Infernal Pre-Igniter  
  86  8:24  Marine  
  86  8:26  Marauder  
  89  8:31  Marauder  
  80  8:34  Hellion  
  80  8:40  Hellion  
  72  8:42  Marine  
  72  8:46  Marine, Unknown  
  72  8:47  SCV x2  
  72  8:48  Thor  
  82  8:49  Unknown  
  82  8:57  Marauder  
  84  9:05  Liberator  
  84  9:07  Marauder  
  84  9:09  SCV x2  
  86  9:19  Marine  
  86  9:20  Marauder  
  91  9:28  Marine  
  91  9:29  SCV x3  
  96  9:31  Cyclone  
  96  9:37  Marine  
  97  9:41  Marine  
  98  9:45  Marine  
  98  9:48  SCV x3  
  92  9:56  Marauder  
  92  9:59  Marine  
  93  10:00  SCV  
  93  10:03  Cyclone, Marine  
  93  10:05  Planetary Fortress  
  98  10:08  Bunker  
  98  10:09  Missile Turret  
  98  10:10  Refinery  
  92  10:16  Marine  
  92  10:17  Marine  
  92  10:19  Terran Vehicle Weapons Level 1  
  94  10:22  Marauder, Terran Infantry Weapons Level 3  
  83  10:38  Marauder x2  
  83  10:39  Cyclone  
  83  10:40  Hellbat  
  83  10:42  Marine  
  81  10:51  Barracks  
  81  10:52  Barracks  
  81  10:58  Marine  
  81  10:59  Marine  
  81  11:00  Barracks  
  81  11:01  Marauder, Refinery  
  81  11:03  Factory  
  85  11:07  Medivac  
  85  11:11  Thor  
  93  11:17  Marauder x2  
  97  11:22  Marauder  
  99  11:27  Command Center  
  99  11:31  Hellbat x2  
  103  11:38  Marine  
  103  11:39  Barracks Reactor  
  104  11:43  Marauder  
  104  11:44  Marine  
  104  11:46  Barracks Tech Lab  
  107  11:49  Supply Depot  
  107  11:52  Hellbat  
  109  12:01  Missile Turret  
  109  12:02  Supply Depot, Barracks Tech Lab  
  109  12:03  Factory Tech Lab  
  109  12:08  Factory  
  109  12:10  Marine, Thor  
  116  12:17  Supply Depot  
  116  12:20  Terran Infantry Armor Level 3  
  116  12:23  Medivac x2  
  116  12:29  Marauder x2  
  124  12:30  Marine  
  125  12:39  Hellbat  
  125  12:41  Marine, Marauder x2  
  126  12:49  SCV  
  126  12:50  SCV  
  128  12:53  Medivac x2  
  130  13:00  Marine x2, Marauder x2  
  136  13:10  Marauder x2, Factory Tech Lab  
  136  13:12  Hellion  
  139  13:20  Thor  
  145  13:30  Marine x3  
  148  13:36  SCV  
  148  13:37  Supply Depot  
  148  13:50  Marine x2  
  148  13:51  Planetary Fortress  
  148  13:52  Supply Depot  
  148  13:54  Supply Depot, Missile Turret  
  148  13:55  SCV  
  148  13:57  Marine  
  148  13:58  SCV  
  148  14:02  Terran Vehicle Weapons Level 2  
  148  14:04  Mag-Field Accelerator  
  148  14:06  Marine x3  
  148  14:15  Thor  
  148  14:16  Thor  
  156  14:18  Widow Mine  
  156  14:20  Liberator  
  149  14:28  Marauder x2  
  149  14:29  Marine, Marauder x3  
  160  14:35  Marine  
  161  14:47  Marine  
  161  14:50  Marauder  
  164  14:55  Marine x2  
  164  14:56  Marine x3  
  169  15:03  Refinery, SCV  
  169  15:04  SCV  
  169  15:05  Marine  
  169  15:06  Supply Depot  
  172  15:13  Unknown  
  172  15:27  Marine x2, Thor  
  180  15:31  Marine  
Show
View Real Time Build Order
Export as new Build Order

ИИ 1 (эксперт) Zerg 

Build Orders: Pool First 

Get SALT Encoding   

  12  0:00  Drone  
  13  0:12  Overlord  
  13  0:17  Drone  
  14  0:30  Drone x2  
  14  0:34  Drone  
  17  0:47  Spawning Pool  
  17  0:48  Drone  
  17  1:10  Hatchery  
  16  1:12  Drone  
  16  1:15  Extractor  
  16  1:17  Drone  
  17  1:21  Extractor  
  17  1:24  Drone  
  17  1:28  Drone  
  18  1:38  Drone  
  19  1:48  Overlord  
  19  1:55  Queen  
  19  2:00  Zergling x2  
  22  2:10  Drone  
  23  2:21  Queen  
  25  2:27  Drone  
  26  2:33  Drone  
  27  2:37  Drone  
  27  2:42  Drone  
  29  2:55  Roach Warren  
  29  2:56  Drone  
  29  2:59  Drone  
  29  3:03  Zergling x2  
  32  3:05  Zergling x2  
  32  3:11  Overlord  
  32  3:14  Drone  
  32  3:17  Drone  
  34  3:35  Roach  
  34  3:37  Roach x3  
  34  3:40  Lair  
  42  3:45  Overlord  
  42  3:50  Overlord  
  42  3:53  Zergling x2  
  43  3:56  Zergling x2  
  44  4:03  Zergling x2, Drone x2  
  44  4:06  Drone  
  44  4:08  Drone  
  49  4:11  Drone  
  49  4:16  Overlord  
  50  4:19  Roach  
  50  4:23  Roach  
  54  4:26  Roach  
  54  4:28  Zergling x2  
  56  4:32  Roach  
  56  4:35  Overlord  
  58  4:42  Hydralisk Den, Drone  
  58  4:44  Zergling x2  
  57  4:45  Zergling x2  
  57  4:48  Zergling x2  
  57  4:50  Zergling x2  
  54  4:53  Roach  
  54  4:56  Roach  
  54  4:58  Zergling x2  
  54  5:04  Drone  
  51  5:07  Drone  
  51  5:08  Drone  
  51  5:11  Drone  
  51  5:12  Hydralisk  
  51  5:13  Roach  
  55  5:17  Hydralisk  
  57  5:21  Hydralisk  
  57  5:25  Hydralisk  
  57  5:28  Drone  
  62  5:29  Drone  
  62  5:31  Drone  
  62  5:33  Drone  
  62  5:35  Drone  
  66  5:37  Drone  
  66  5:39  Drone  
  66  5:42  Overlord  
  68  5:45  Drone  
  68  5:48  Drone  
  70  5:51  Drone x2  
  70  5:52  Drone  
  70  5:56  Infestation Pit  
  72  5:59  Drone  
  72  6:03  Overlord  
  73  6:05  Roach  
  73  6:07  Roach  
  73  6:10  Roach  
  79  6:12  Roach  
  81  6:21  Overlord  
  81  6:25  Ravager  
  81  6:26  Evolution Chamber  
  81  6:27  Roach  
  81  6:30  Ravager  
  81  6:31  Evolution Chamber  
  85  6:32  Roach  
  85  6:33  Infestor  
  85  6:35  Hatchery  
  86  6:43  Drone  
  87  6:49  Overlord, Infestor  
  87  6:52  Zerg Missile Weapons Level 1  
  89  6:56  Zerg Ground Armor Level 1, Extractor  
  89  6:57  Hydralisk  
  89  6:58  Drone, Extractor  
  90  7:07  Hydralisk  
  92  7:17  Drone  
  92  7:18  Drone x2  
  92  7:19  Overlord, Drone  
  92  7:20  Drone x2  
  98  7:24  Hydralisk  
  98  7:28  Hydralisk  
  102  7:33  Overseer  
  102  7:38  Spine Crawler  
  102  7:42  Infestor, Spine Crawler  
  102  7:47  Drone  
  102  7:48  Overlord, Drone x4  
  102  7:49  Drone x4  
  102  7:50  Drone  
  112  7:55  Drone  
  112  7:58  Drone x2  
  115  8:01  Extractor  
  114  8:06  Drone  
  114  8:08  Overlord  
  114  8:09  Drone  
  116  8:13  Pathogen Glands, Infestor  
  116  8:14  Roach, Drone  
  116  8:17  Drone  
  116  8:19  Drone x2  
  124  8:20  Drone x2  
  124  8:23  Drone  
  127  8:28  Overlord  
  127  8:30  Zergling x2  
  127  8:31  Zergling x2  
  108  8:39  Roach  
  108  8:41  Roach  
  91  8:42  Roach  
  91  8:45  Zergling x2, Hydralisk  
  91  8:46  Zergling x2, Extractor  
  91  8:47  Ravager  
  94  8:51  Zergling x8  
  94  8:53  Zergling x2  
  94  8:55  Metabolic Boost  
  99  9:01  Zergling x2  
  99  9:02  Drone  
  99  9:03  Zerg Melee Weapons Level 1  
  99  9:04  Drone  
  93  9:10  Neural Parasite  
  93  9:12  Drone  
  93  9:13  Roach  
  93  9:15  Drone  
  93  9:16  Hydralisk  
  93  9:17  Roach, Drone  
  93  9:21  Hydralisk  
  93  9:22  Zergling x4  
  93  9:23  Hydralisk  
  93  9:24  Roach, Overseer  
  99  9:26  Roach  
  95  9:34  Hatchery, Infestor, Hydralisk  
  95  9:37  Roach  
  99  9:45  Roach, Zergling x2  
  98  9:48  Roach, Zergling x2  
  98  9:49  Zergling x2  
  98  9:53  Queen  
  98  9:54  Infestor, Hydralisk  
  98  9:55  Roach, Spore Crawler  
  98  9:56  Roach  
  98  9:57  Roach, Spore Crawler  
  98  9:59  Drone  
  105  10:06  Hydralisk  
  105  10:07  Roach  
  105  10:09  Hydralisk  
  109  10:16  Ravager x2  
  109  10:17  Roach  
  109  10:18  Roach  
  109  10:20  Hydralisk x2  
  119  10:22  Hydralisk  
  119  10:26  Zergling x2  
  119  10:27  Overlord  
  119  10:28  Baneling Nest  
  121  10:29  Zergling x2  
  121  10:32  Drone  
  115  10:39  Roach, Zergling x2  
  112  10:43  Roach, Ravager  
  112  10:44  Spine Crawler  
  112  10:46  Roach, Spine Crawler  
  112  10:49  Drone  
  116  10:50  Drone  
  116  10:52  Roach, Drone, Infestor  
  116  10:54  Drone  
  116  10:56  Extractor  
  123  10:57  Extractor, Drone  
  123  10:59  Queen  
  123  11:00  Drone  
  123  11:01  Drone  
  126  11:04  Queen  
  126  11:05  Infestor  
  126  11:07  Hydralisk  
  126  11:10  Infestor  
  134  11:11  Overlord  
  134  11:12  Baneling  
  134  11:13  Baneling x2  
  134  11:21  Zerg Missile Weapons Level 2  
  134  11:26  Spore Crawler  
  134  11:27  Drone  
  134  11:28  Spore Crawler, Drone  
  134  11:29  Spine Crawler  
  134  11:31  Drone  
  134  11:32  Zerg Ground Armor Level 2  
  134  11:37  Glial Reconstitution  
  134  11:41  Pneumatized Carapace  
  134  11:44  Hatchery  
  134  11:46  Drone  
  134  11:48  Roach  
  134  11:49  Roach  
  134  11:51  Roach  
  134  11:52  Overlord, Hydralisk  
  142  11:54  Hydralisk  
  144  12:03  Lurker Den  
  144  12:04  Drone  
  144  12:08  Spine Crawler  
  143  12:09  Drone  
  143  12:13  Spire  
  143  12:14  Drone  
  144  12:20  Spine Crawler  
  144  12:21  Drone  
  144  12:22  Spore Crawler  
  143  12:23  Overlord, Drone, Spine Crawler  
  143  12:24  Drone  
  143  12:26  Drone, Spore Crawler, Hive  
  143  12:28  Zergling x2  
  143  12:29  Zergling x2  
  146  12:31  Zergling x8  
  146  12:32  Zergling x4  
  146  12:33  Zergling x2  
  150  12:40  Drone, Evolution Chamber  
  150  12:43  Zergling x2  
  135  12:48  Zergling x2, Baneling  
  135  12:49  Zergling x2, Baneling  
  135  12:50  Roach  
  111  12:51  Roach, Zergling x2, Baneling  
  111  12:52  Roach x3, Baneling  
  111  12:54  Hydralisk  
  111  12:56  Hydralisk  
  111  12:58  Zergling x2  
  114  12:59  Zergling x2  
  114  13:00  Hydralisk  
  114  13:02  Zergling x2  
  114  13:03  Zergling x4  
  114  13:05  Zergling x2  
  110  13:06  Zergling x2  
  110  13:09  Infestor  
  110  13:10  Zergling x2, Baneling  
  110  13:11  Zergling x2  
  110  13:12  Zergling x2  
  112  13:15  Infestor  
  112  13:18  Roach  
  112  13:19  Roach  
  107  13:21  Roach  
  107  13:22  Roach  
  107  13:24  Roach, Zergling x2  
  107  13:25  Zergling x2, Corruptor  
  107  13:26  Zergling x2  
  109  13:28  Corruptor  
  109  13:30  Zergling x2  
  109  13:31  Zergling x2  
  109  13:32  Zergling x2  
  109  13:33  Zergling x2  
  115  13:34  Zergling x2  
  115  13:36  Zergling x2  
  115  13:37  Hydralisk  
  115  13:39  Greater Spire  
  115  13:40  Hydralisk  
  114  13:41  Drone  
  114  13:45  Spine Crawler  
  114  13:47  Spine Crawler  
  114  13:48  Roach  
  110  13:49  Drone  
  110  13:50  Roach, Drone x2  
  110  13:52  Roach  
  110  13:54  Hydralisk  
  105  13:57  Roach  
  105  13:59  Zergling x2  
  105  14:00  Zergling x2  
  96  14:05  Roach  
  96  14:08  Drone  
  78  14:15  Roach  
  59  14:21  Zergling x2  
  6  15:07  Drone x3  
  6  15:08  Drone x2  
  5  15:25  Drone  
Tags
 
Add a new tag
Caveats
  • Supply blocks, unpowered buildings, or Contaminate may cause inaccurate times.
  • Supply counts are checked every 10 seconds.